 Dungeon Crawl Stone Soup version 0.32-a0-411-g744942f433 (webtiles) character file.

Game seed: 10347656699009517985

10 zenocrate the Sneak (level 2, -2/16 HPs)
             Began as a Vine Stalker Delver on Feb 20, 2024.
             Slain by a gnoll
             ... wielding a +0 club
              (5 damage)
             ... on level 5 of the Dungeon.
             The game lasted 00:00:26 (73 turns).

zenocrate the Sneak (Vine Stalker Delver)             Turns: 73, Time: 00:00:26

Health: -2/16      AC:  3    Str: 14    XL:     2   Next: 20%
Magic:  0/3        EV: 12    Int: 10    God:
Gold:   15         SH:  0    Dex: 15    Spells: 1/1 levels left

rFire   . . .        a - +0 short sword
rCold   . . .        (no shield)
rNeg    . . .        b - +0 leather armour
rPois   .            (no helmet)
rElec   .            (no cloak)
rCorr   .            (no gloves)
SInv    .            (no boots)
Will    .....        (no amulet)
Stlth   +++          (no ring)
HPRegen 1.02/turn    (no ring)
MPRegen 0.08/turn

%: guardian spirit
@: no status effects
A: fangs 2, regeneration 1, magic shield, antimagic bite, no potion heal 2
a: no special abilities


You were on level 5 of the Dungeon.
You visited 2 branches of the dungeon, and saw 3 of its levels.

You collected 15 gold pieces.

Inventory:

Hand Weapons
 a - a +0 short sword (weapon)
Armour
 b - a +0 leather armour (worn)
Jewellery
 h - an amulet of magic regeneration
Wands
 g - a wand of digging (3)
Scrolls
 c - a scroll of fog
 d - a scroll of revelation
 e - a scroll of fear
Potions
 f - a potion of haste


   Skills:
 + Level 2.8 Fighting
 + Level 2.0 Short Blades
 + Level 1.8 Dodging
 + Level 6.1 Stealth


You had one spell level left.
You didn't know any spells.
Your spell library was empty.

Dungeon Overview and Level Annotations

Branches:
Dungeon (5/15)             Temple (1/1) D:5

Altars:
Ashenzari
Cheibriados
Dithmenos
Elyvilon
Gozag
Makhleb
Nemelex Xobeh
Okawaru
Qazlal
Vehumet
Xom
The Shining One

Annotations:
D:5 Eustachio


Innate Abilities, Weirdness & Mutations

You have extremely sharp teeth.
Your natural rate of healing is unusually fast.
When hurt, damage is shared between your health and your magic reserves.
Your bite disrupts and absorbs the magic of your enemies.
Potions cannot restore your health.


Message History

You start resting.
You feel sick.
You are no longer poisoned.
A gnoll comes into view. It is wielding a +0 club.
The gnoll shouts!
You hear a shout!
A gnoll comes into view. It is wielding a +0 flail.
A gnoll comes into view. It is wielding a +0 whip.
There are monsters nearby!
A gnoll comes into view.
It is wielding a +0 spear and quivering a throwing net.
The gnoll shouts!
An orc comes into view. It is wielding a +0 club.
The gnoll moves out of view.
Eustachio the Magnificent comes into view.
He is wielding a +0 falchion and wearing a +3 leather armour of fire resistance.
Eustachio shouts!
Eustachio gestures wildly while chanting.
Eustachio blinks!
Eustachio moves out of view.
There is a stone staircase leading up here.
You climb upwards.
There is a stone staircase leading down here.
Unknown command.
Magic restored.
You now have 15 gold pieces (gained 8).
h - an amulet of magic regeneration No target in view!
You have 15 gold pieces.
Unknown command.
There is a stone staircase leading down here.
You climb downwards.
Level annotation: Eustachio The gnoll hits you with a +0 club.
The gnoll throws a throwing net.
The throwing net hits you.
You become entangled in the net!
There is a stone staircase leading up here.
You see here a throwing net.
Unknown command.
You struggle against the net.
The gnoll hits you with a +0 club.
You struggle against the net.
The gnoll hits you from afar with a +0 spear!
The gnoll hits you with a +0 club.
* * * LOW HITPOINT WARNING * * *
You rip the net and break free!
The gnoll hits you with a +0 club.
You die...

#.....#...#.....#.. #
####...###).>..#
...........#.....#..
o.......g........!...
g.g#...#....###......
.g#..###.....# ......
....#g.......#.......
#####.g.#............
#..@.##..........#
#......#######
#....#.##
....<..#..##
#.########..##### ..
##>....# # #####.#


You could see 2 gnolls.

Vanquished Creatures
  An adder (D:5)
1 creature vanquished.

Notes
Turn   | Place    | Note
-------+----------+-------------------------------------------
     0 | D:5      | zenocrate the Vine Stalker Delver began the quest for the
                  | Orb.
     0 | D:5      | Reached XP level 1. HP: 11/11 MP: 2/2
     4 | D:5      | Found a staircase to the Ecumenical Temple.
    18 | Temple   | Entered the Ecumenical Temple
    32 | D:5      | Reached XP level 2. HP: 9/16 MP: 1/3
    44 | D:5      | Noticed Eustachio
    73 | D:5      | Slain by a gnoll

Illustrated notes

Levels and vault maps discovered:
D:4:      layout_cave_pools, nicolae_uskayaw_dance_hall, uniq_ijyb
D:5:      layout_rooms, minmay_temple_entry_tees, serial_shops,
          nicolae_shop_gibbet_a_chance, ebering_dispersal_statue_hall,
          uniq_eustachio
Temple:   hc_temple_tempest_star

Skill      XL: |  1 |
---------------+----+-----
Short Blades   | 2 |  2.0
Fighting       | |  2.8
Dodging        | |  1.8
Stealth        | |  6.1

Action                     || total
---------------------------++-------
  Melee: Short sword       ||     6
         Bite              ||     2
 Armour: Leather armour    ||     9
  Dodge: Dodged            ||     3

Table legend: (Time is in decaauts)
 A = Elapsed time spent in this place.
 B = Non-inter-level travel time spent in this place.
 C = Inter-level travel time spent in this place.
 D = Time resting spent in this place.
 E = Time spent auto-exploring this place.
 F = Levels seen in this place.
 G = Mean time per level.
                   A        B        C        D        E       F      G
               +--------+--------+--------+--------+--------+-----+--------+
         Total |     74 |     73 |      1 |      0 |     14 |   3 |   24.7 |
       Dungeon |     72 |     71 |      1 |      0 |     14 |   2 |   36.0 |
        Temple |      1 |      1 |      0 |      0 |      0 |   1 |    1.0 |
               +--------+--------+--------+--------+--------+-----+--------+

Top non-repeatable levels by time:
     D:5: 47 daAuts
     D:4: 25 daAuts
  Temple: 1 daAuts
